 Dungeon Crawl Stone Soup version 0.31-a0-728-g01b46875f1 (webtiles) character file.

Game seed: 9802195666573443593

541 pokeman the Magician (level 7, -3/38 HPs)
             Began as a Deep Elf Hedge Wizard on Sept 11, 2023.
             Killed from afar by Maggie (13 damage)
             ... with a bolt of fire
             ... on level 6 of the Dungeon.
             The game lasted 00:06:37 (2585 turns).

pokeman the Magician (Deep Elf Hedge Wizard)        Turns: 2585, Time: 00:06:38

Health: -3/38      AC:  5    Str:  7    XL:     7   Next: 5%
Magic:  1/19       EV: 13    Int: 23    God:
Gold:   165        SH:  0    Dex: 14    Spells: 2/20 levels left

rFire   . . .        j - +2 dagger (protect)
rCold   . . .        (no shield)
rNeg    . . .        l - +2 robe "Taocw" {rPois Int+2 Slay+3}
rPois   +            m - +0 helmet
rElec   .            (no cloak)
rCorr   .            (no gloves)
SInv    .            (no boots)
Will    .....        (no amulet)
Stlth   ++           (no ring)
HPRegen 0.26/turn    (no ring)
MPRegen 0.16/turn

%: no passive effects
@: no status effects
A: no striking features
a: no special abilities


You were on level 6 of the Dungeon.
You visited 1 branch of the dungeon, and saw 4 of its levels.

You collected 165 gold pieces.

Inventory:

Hand Weapons
 j - a +2 dagger of protection (weapon)
Armour
 l - the +2 robe "Taocw" (worn) {rPois Int+2 Slay+3}
   (You took it off a kobold on level 2 of the Dungeon)

   Int+2:     It affects your intelligence (+2).
   Slay+3:    It affects your accuracy & damage with ranged weapons and melee
   (+3).
   rPois:     It protects you from poison
 m - a +0 helmet (worn)
Scrolls
 b - a scroll of silence {unknown}
 c - 2 scrolls of noise {unknown}
 e - 2 scrolls of teleportation {unknown}
 g - 2 scrolls of identify {unknown}
 h - a scroll of fear {unknown}
 k - a scroll of fog {unknown}
Potions
 a - a potion of degeneration {unknown}
 d - 2 potions of magic
 f - a potion of brilliance {unknown}
 i - a potion of resistance {unknown}
 n - a potion of cancellation {unknown}


   Skills:
 - Level 1.0 Fighting
 - Level 1.0 Armour
 - Level 3.0 Dodging
 - Level 3.0 Stealth
 * Level 7.2 Spellcasting
 + Level 5.7 Conjurations
 - Level 1.1 Summonings
 - Level 1.1 Translocations
 + Level 0.0 Fire Magic
 + Level 0.0 Air Magic
 + Level 0.0 Poison Magic


You had 2 spell levels left.
You knew the following spells:

 Your Spells              Type           Power      Damage    Failure   Level
a - Magic Dart            Conj           100%       1d8       1%          1
b - Mephitic Cloud        Conj/Pois/Air  17%        N/A       11%         3
c - Call Imp              Summ           26%        N/A       8%          2
d - Blink                 Tloc           26%        N/A       8%          2
e - Iskenderun's Battles  Conj           34%        2d9       21%         5
f - Fireball              Conj/Fire      10%        3d6       54%         5

Your spell library contained the following spells:

 Spells                   Type           Power      Damage    Failure   Level
 Momentum Strike          Conj/Tloc      48%        3d9       2%          2
 Apportation              Tloc           26%        N/A       4%          1
 Slow                     Hex            32%        N/A       8%          1
 Lesser Beckoning         Tloc           26%        N/A       8%          2
 Cigotuvi's Dreadful Rot  Necr/Pois/Air  16%        N/A       12%         2
 Jinxbite                 Hex            16%        N/A       12%         2
 Gell's Gravitas          Tloc           13%        N/A       14%         3
 Teleport Other           Tloc           13%        N/A       14%         3
 Alistair's Intoxication  Tmut/Pois      5%         N/A       91%         5
 Conjure Ball Lightning   Conj/Air       10%        3x3d6     98%         6
 Orb of Destruction       Conj           17%        9d7       99%         7
 Dispersal                Tloc           6%         N/A       100%        6


Dungeon Overview and Level Annotations

Branches:
Dungeon (6/15)
 Temple: D:4-7

Altars:

Annotations:
D:6 Maggie


Message History

Press: ? - help, Shift-Dir - straight line, f/p - Maggie
Aim: Maggie, wielding a +0 morningstar and wearing +0 swamp dragon scales (moderately wounded, ally target, 100% to hit)
The magic dart hits the sky beast.
The sky beast is heavily wounded.
Your battlesphere fires!
The barrage of energy hits the sky beast!
The sky beast is almost dead.
The sky beast flickers out of sight!
Deactivating autopickup; reactivate with Ctrl-A.
Casting: Magic Dart (safe; 1% risk of failure)
Confirm with . or Enter, or press ? or * to list all spells.
Aiming: Magic Dart (safe; 1% risk of failure)
Press: ? - help, Shift-Dir - straight line, f/p - Maggie
Aim: Maggie, wielding a +0 morningstar and wearing +0 swamp dragon scales (moderately wounded, 100% to hit)
The magic dart hits Maggie but does no damage.
Maggie is moderately wounded.
Your battlesphere fires!
The barrage of energy hits Maggie!
Maggie is heavily wounded.
Casting: Magic Dart (safe; 1% risk of failure)
Confirm with . or Enter, or press ? or * to list all spells.
Aiming: Magic Dart (safe; 1% risk of failure)
Press: ? - help, Shift-Dir - straight line, f/p - Maggie
Aim: Maggie, wielding a +0 morningstar and wearing +0 swamp dragon scales (heavily wounded, ally target, 100% to hit)
The magic dart hits Maggie.
Maggie is heavily wounded.
Your battlesphere fires!
The barrage of energy hits Maggie!
Maggie is severely wounded.
Your battlesphere expends the last of its energy and dissipates.
Maggie points at you and mumbles some strange words.
The bolt of fire hits you!
You aren't carrying any items that you can evoke.
Maggie says, "Leave now, and tell all of Margery's mercy!"
Maggie casts a spell at you. The bolt of fire hits you!!
* * * LOW HITPOINT WARNING * * *
Maggie gestures at you while chanting. The bolt of fire hits you!
You die...

.# .. ... . ##. ...
##. .##.###..# #..
..........#
#...##... ....#.#
#.#.... ##.#...####
#.#..# ##...$...)..
#..@#####..!.##~....
#.....○.........@).)
##.$
#........@....######
#8....
#.........#####
#.... #....##.###
#8... #.......# ##>#
#......##
#########......#
#..............#


You could see Maggie.

Vanquished Creatures
  Sigmund (D:2)
  5 wights (D:6)
  Robin (D:2)
  2 gnolls (D:2)
  An adder (D:3)
  A worm (D:2)
  A dart slug (D:2)
  3 orcs (D:3)
  2 ball pythons
  2 endoplasms
  3 giant cockroaches
  12 goblins
  5 hobgoblins
  4 jackals (D:1)
  A quokka (D:2)
  3 bats
  3 frilled lizards
  6 kobolds
  7 rats
63 creatures vanquished.

Vanquished Creatures (collateral kills)
  A gnoll (D:2)
1 creature vanquished.

Grand Total: 64 creatures vanquished

Notes
Turn   | Place    | Note
-------+----------+-------------------------------------------
     0 | D:1      | pokeman the Deep Elf Hedge Wizard began the quest for the
                  | Orb.
     0 | D:1      | Reached XP level 1. HP: 10/10 MP: 7/7
   261 | D:1      | Reached XP level 2. HP: 16/16 MP: 4/9
   554 | D:1      | Reached skill level 5 in Spellcasting
   896 | D:2      | Reached XP level 3. HP: 20/20 MP: 8/11
   922 | D:2      | Learned a level 3 spell: Mephitic Cloud
   925 | D:2      | Learned a level 2 spell: Call Imp
   928 | D:2      | Learned a level 2 spell: Blink
  1125 | D:2      | Noticed Sigmund
  1140 | D:2      | Reached skill level 1 in Armour
  1150 | D:2      | Reached skill level 1 in Fighting
  1278 | D:2      | Identified the +2 robe "Taocw" {rPois Int+2 Slay+3}
  1465 | D:2      | Reached XP level 4. HP: 24/25 MP: 9/13
  1716 | D:2      | Noticed Robin
  1730 | D:2      | Killed Robin
  1915 | D:2      | Killed Sigmund
  1916 | D:2      | Reached skill level 5 in Conjurations
  1916 | D:2      | Reached XP level 5. HP: 24/29 MP: 8/15
  1916 | D:2      | Reached XP level 6. HP: 28/34 MP: 8/16
  2178 | D:3      | Learned a level 5 spell: Iskenderun's Battlesphere
  2413 | D:3      | You fall into a shaft and drop 3 floors!
  2440 | D:6      | Reached skill level 6 in Spellcasting
  2538 | D:6      | Reached skill level 7 in Spellcasting
  2538 | D:6      | Reached XP level 7. HP: 38/38 MP: 9/19
  2544 | D:6      | Learned a level 5 spell: Fireball
  2567 | D:6      | Noticed Maggie
  2585 | D:6      | Killed from afar by Maggie

Illustrated notes

Levels and vault maps discovered:
D:1:      ncdulo_halloftheorcs, layout_rooms
D:2:      layout_loops_cross, uniq_sigmund, uniq_robin
D:3:      layout_loops_corners, mainiacjoe_overflow_alcove_1,
          lemuel_zombie_altar_yredelemnul, ebering_ecumenical_altar_ruins
D:6:      layout_rooms, nicolae_overflow_hidden_temple, abandoned_shop,
          uniq_menkaure, uniq_maggie

Skill      XL: |  1  2  3  4  5  6 |
---------------+-------------------+-----
Spellcasting   | 5 7 |  7.2
Armour         | 1 |  1.0
Fighting       | 1 |  1.0
Conjurations   | 2 5 |  5.7
Dodging        | 3 |  3.0
Stealth        | 3 |  3.0
Summonings     | |  1.1
Translocations | |  1.1

Action                     |  1- 3 |  4- 6 |  7- 9 || total
---------------------------+-------+-------+-------++-------
  Melee: Dagger            |    21 |    24 |       ||    45
   Cast: Magic Dart        |    76 |    56 |     5 ||   137
         Mephitic Cloud    |     3 |     3 |     1 ||     7
         Call Imp          |     2 |     1 |       ||     3
         Iskenderun's Batt |       |     2 |     1 ||     3
 Armour: Robe              |    16 |    13 |     3 ||    32
  Dodge: Dodged            |    18 |    10 |     2 ||    30

Table legend: (Time is in decaauts)
 A = Elapsed time spent in this place.
 B = Non-inter-level travel time spent in this place.
 C = Inter-level travel time spent in this place.
 D = Time resting spent in this place.
 E = Time spent auto-exploring this place.
 F = Levels seen in this place.
 G = Mean time per level.
                   A        B        C        D        E       F      G
               +--------+--------+--------+--------+--------+-----+--------+
         Total |   2583 |   2565 |     18 |    146 |   1931 |   4 |  645.8 |
       Dungeon |   2583 |   2565 |     18 |    146 |   1931 |   4 |  645.8 |
               +--------+--------+--------+--------+--------+-----+--------+

Top non-repeatable levels by time:
     D:2: 1286 daAuts
     D:1: 883 daAuts
     D:3: 242 daAuts
     D:6: 171 daAuts
